[Event "December 19 Early 2023"]
[Site "https://www.chess.com"]
[Date "2023.12.19"]
[Round "2"]
[White "Shohat, Yotam"]
[Black "Wu, Derek"]
[Result "1-0"]
[Board "103"]
[TimeControl "180+1"]
[WhiteFideId "2813955"]
[BlackFideId "30914558"]
[WhiteElo "2226"]
[BlackElo "2211"]
[WhiteTeam "ISR"]
[BlackTeam "USA"]
[WhiteClock "0:00:30"]
[BlackClock "0:00:06"]

1. e4 e6 2. d4 d5 3. Nc3 Be7 4. a3 Nf6 5. e5 Nfd7 6. f4 c5 7. Nf3 Nc6 8. Be3 O-O 9. Qd2 a6 10. Be2 b5 11. O-O Bb7 12. Kh1 Qb6 13. Nd1 cxd4 14. Nxd4 Nxd4 15. Bxd4 Bc5 16. c3 f6 17. exf6 Nxf6 18. Nf2 Rac8 19. Rae1 a5 20. Bd3 Bxd4 21. cxd4 b4 22. Nh3 h6 23. Qe3 Ne4 24. Nf2 Rfd8 25. Nxe4 dxe4 26. Bxe4 Bxe4 27. Qxe4 Rxd4 28. Qg6 Rd6 29. axb4 axb4 30. f5 exf5 31. Qxf5 Rcd8 32. Qf7+ Kh8 33. Re7 Rg6 34. Re8+ Rxe8 35. Qxe8+ Kh7 36. Rf8 Qe6 37. Rh8# 1-0

[Event "December 19 Early 2023"]
[Site "https://www.chess.com"]
[Date "2023.12.19"]
[Round "2"]
[White "Goltsev, Dmitry"]
[Black "Fonseca Manrique, Enrique"]
[Result "1-0"]
[Board "104"]
[TimeControl "180+1"]
[WhiteFideId "24176710"]
[BlackFideId "5114330"]
[WhiteElo "2370"]
[BlackElo "2133"]
[WhiteTeam "RUS"]
[BlackTeam "MEX"]
[WhiteClock "0:00:55"]
[BlackClock "0:00:05"]

1. e4 c5 2. Nf3 e6 3. d4 cxd4 4. Nxd4 Nc6 5. Nc3 a6 6. Be2 Qc7 7. Be3 Nf6 8. O-O d6 9. f3 Be7 10. Qd2 O-O 11. Rac1 b5 12. a3 Bb7 13. Rfd1 Ne5 14. b3 d5 15. exd5 Nxd5 16. Nxd5 Bxd5 17. f4 Nd7 18. c4 bxc4 19. Bxc4 Qb7 20. Bxd5 Qxd5 21. Nc6 Bxa3 22. Ra1 Bc5 23. Bxc5 Qxc5+ 24. Nd4 Nf6 25. Kh1 Rfd8 26. Rac1 Qb6 27. Qb2 Nd5 28. Ne2 Rab8 29. Rd3 Qf2 30. Rf3 Qb6 31. Ng3 a5 32. Nh5 f6 33. Rg3 g6 34. Nxf6+ Kf7 35. Nxh7 Rh8 36. Ng5+ Ke8 37. Qxh8+ 1-0

[Event "December 19 Early 2023"]
[Site "https://www.chess.com"]
[Date "2023.12.19"]
[Round "2"]
[White "Skibbe, Willi"]
[Black "Khumalo, Keith"]
[Result "0-1"]
[Board "105"]
[TimeControl "180+1"]
[WhiteFideId "4682190"]
[BlackFideId "14319470"]
[WhiteElo "2359"]
[BlackElo "2093"]
[WhiteTeam "GER"]
[BlackTeam "RSA"]
[WhiteClock "0:00:52"]
[BlackClock "0:02:32"]

1. e4 c5 2. c3 d5 3. exd5 Qxd5 4. Nf3 g6 5. Na3 a6 6. Bc4 Qd6 7. d4 Nf6 8. dxc5 Qxc5 9. Be3 Qc7 10. Qb3 e6 11. Bb6 Qc6 12. O-O-O Nbd7 13. Ba5 Bh6+ 14. Kb1 O-O 15. Bb4 Re8 16. Nd4 Qxg2 17. Bxe6 fxe6 18. Nxe6 Qe4+ 19. Nc2 Qxe6 20. Qa4 0-1

[Event "December 19 Early 2023"]
[Site "https://www.chess.com"]
[Date "2023.12.19"]
[Round "2"]
[White "Borawski, Jakub"]
[Black "Tologon tegin, Semetei"]
[Result "0-1"]
[Board "106"]
[TimeControl "180+1"]
[WhiteFideId "1143000"]
[BlackFideId "13800574"]
[WhiteElo "2052"]
[BlackElo "2258"]
[WhiteTeam "POL"]
[BlackTeam "KGZ"]
[WhiteClock "0:00:00"]
[BlackClock "0:00:19"]

1. f4 d5 2. e3 c6 3. b3 Nf6 4. Bb2 Bg4 5. Be2 Bxe2 6. Qxe2 Nbd7 7. Nf3 e6 8. O-O Be7 9. d3 O-O 10. Nbd2 b5 11. e4 dxe4 12. dxe4 Nc5 13. Rad1 Qb6 14. Kh1 Rfd8 15. Bxf6 Bxf6 16. e5 Be7 17. Ne4 Nxe4 18. Qxe4 g6 19. h4 h5 20. Ng5 Bxg5 21. hxg5 Kg7 22. Rd6 Rxd6 23. exd6 Rd8 24. Qe5+ Kg8 25. c4 bxc4 26. bxc4 c5 27. Rd1 Rd7 28. Kh2 Qb4 29. Qe4 Qa4 30. Rd2 Kh7 31. Qd3 Qc6 32. Kg3 Qb6 33. Kh2 Qd8 34. Kg3 e5 35. Qe3 Rxd6 36. Rxd6 Qxd6 37. fxe5 Qe7 38. Qf4 Qe6 39. Kh2 a5 40. Qe4 a4 41. Qd5 Qf5 42. Qxc5 Qf4+ 43. Kg1 Qc1+ 44. Kh2 Qf4+ 45. Kg1 Qxg5 46. Qd5 Qc1+ 47. Kh2 Qf4+ 48. Kg1 h4 49. e6 Qe3+ 50. Kh2 fxe6 51. Qd7+ Kh6 52. Qb5 Qg3+ 53. Kg1 h3 54. Qb7 hxg2 55. Qxg2 Qe1+ 56. Kh2 Qe5+ 57. Kg1 Qd4+ 58. Kh2 Qxc4 59. Qd2+ g5 0-1

[Event "December 19 Early 2023"]
[Site "https://www.chess.com"]
[Date "2023.12.19"]
[Round "2"]
[White "Timerkhanov, Alexander"]
[Black "Napoli, Nicolo"]
[Result "1-0"]
[Board "107"]
[TimeControl "180+1"]
[WhiteFideId "24177938"]
[BlackFideId "813702"]
[WhiteElo "2278"]
[BlackElo "2306"]
[WhiteTeam "RUS"]
[BlackTeam "ITA"]
[WhiteClock "0:01:11"]
[BlackClock "0:00:03"]

1. d4 d5 2. Nf3 Nf6 3. g3 e6 4. Bg2 Bd6 5. O-O O-O 6. Bg5 b6 7. Nbd2 h6 8. Bxf6 Qxf6 9. e4 Qd8 10. c4 Bb7 11. cxd5 exd5 12. e5 Be7 13. Re1 Bb4 14. a3 Bxd2 15. Nxd2 Qe7 16. f4 c5 17. f5 Qg5 18. f6 gxf6 19. Nf3 Qg6 20. Nh4 Qg5 21. dxc5 fxe5 22. Nf3 Qg7 23. Nxe5 bxc5 24. Bxd5 Bxd5 25. Qxd5 Na6 26. Re4 Kh8 27. Rf1 Nc7 28. Qd7 f6 29. Qxg7+ Kxg7 30. Nd7 Rf7 31. Nxc5 Rb8 32. b4 Rb5 33. Rg4+ Kf8 34. Rd1 Ke7 35. Re4+ Kf8 36. Rd8+ Kg7 37. Rg4+ Kh7 38. Rgg8 a6 39. g4 a5 40. Rh8+ Kg6 41. Nd3 axb4 42. axb4 Kg5 43. Kg2 Rd5 44. Rxd5+ Nxd5 45. Kg3 Kg6 46. Rd8 Nb6 47. Rd6 Nc4 48. Rc6 Ne3 49. Ne5+ Kg7 50. Nxf7 Kxf7 51. b5 Nd5 52. b6 Ne7 53. Rc7 Kg6 54. b7 f5 55. Rxe7 f4+ 56. Kxf4 h5 57. Rc7 hxg4 58. b8=Q g3 59. Qb6+ Kh5 60. Rc5+ Kh4 61. Qh6# 1-0

[Event "December 19 Early 2023"]
[Site "https://www.chess.com"]
[Date "2023.12.19"]
[Round "2"]
[White "Vigoa Apecheche, Yanira"]
[Black "Gontcharov, Vladislav"]
[Result "1-0"]
[Board "108"]
[TimeControl "180+1"]
[WhiteFideId "3507041"]
[BlackFideId "4123492"]
[WhiteElo "2276"]
[BlackElo "2420"]
[WhiteTeam "USA"]
[BlackTeam "RUS"]
[WhiteClock "0:00:11"]
[BlackClock "0:00:04"]

1. d4 Nf6 2. Bg5 e6 3. Nd2 d5 4. e3 Be7 5. Bd3 b6 6. Qe2 a6 7. Ngf3 Bb7 8. Ne5 Nbd7 9. O-O O-O 10. f4 Ne4 11. Bxe7 Qxe7 12. Rad1 f5 13. Nxd7 Qxd7 14. Bxe4 fxe4 15. c3 a5 16. c4 a4 17. Qg4 g6 18. Rf2 b5 19. c5 b4 20. Nf1 Ba6 21. h4 Qf7 22. Ng3 Kh8 23. Rdd2 h5 24. Qg5 Kh7 25. Kh2 Bd3 26. Rd1 Rg8 27. Qe5 Raf8 28. c6 Qe7 29. Qg5 Qe8 30. Rc1 Rg7 31. Rc5 Qe7 32. Qxe7 Rxe7 33. Ra5 Rb8 34. Rxa4 Rb6 35. Rd2 Re8 36. Nh1 Reb8 37. Nf2 Ba6 38. Rc2 Kg7 39. Rc5 Kf6 40. g4 Ke7 41. Kg3 Kd6 42. Raa5 Be2 43. f5 gxf5 44. gxf5 Rg8+ 45. Kf4 Rxc6 46. Rxc6+ Kxc6 47. Ke5 exf5 48. Nh3 Re8+ 49. Kf6 Rf8+ 50. Ke5 f4 51. Nxf4 Bg4 52. Ra6+ Kb5 53. Rf6 Rxf6 54. Kxf6 Kc4 55. Ke5 c5 56. dxc5 d4 57. exd4 e3 58. c6 Kb5 59. d5 Kb6 60. Kd6 e2 61. Nxe2 Bxe2 62. a3 bxa3 63. bxa3 Bf3 64. Ke5 Kc7 65. Kd4 Be2 66. Kc5 Bf1 67. d6+ Kc8 68. Kb6 Bg2 69. a4 Bf1 70. a5 1-0

[Event "December 19 Early 2023"]
[Site "https://www.chess.com"]
[Date "2023.12.19"]
[Round "2"]
[White "Thorfinnsson, Bjorn"]
[Black "Mesa Cruz, Juan Carlos"]
[Result "0-1"]
[Board "109"]
[TimeControl "180+1"]
[WhiteFideId "2300982"]
[BlackFideId "6423400"]
[WhiteElo "2394"]
[BlackElo "2142"]
[WhiteTeam "ISL"]
[BlackTeam "DOM"]
[WhiteClock "0:00:00"]
[BlackClock "0:00:03"]

1. d4 Nf6 2. Nf3 d5 3. Bg5 c5 4. e3 cxd4 5. exd4 Nc6 6. c3 Ne4 7. Bf4 Bg4 8. Nbd2 e6 9. Bd3 f5 10. h3 Bh5 11. g4 Bg6 12. gxf5 exf5 13. Qe2 Bd6 14. Ne5 Bxe5 15. dxe5 Qh4 16. Qe3 O-O 17. Nf3 Qe7 18. Bb5 Bh5 19. O-O-O Bxf3 20. Qxf3 Nxe5 21. Bxe5 Qxe5 22. Ba4 Rac8 23. Rd3 d4 24. Kc2 dxc3 25. bxc3 Nc5 26. Bb3+ Kh8 27. Rd5 Qe4+ 28. Qxe4 fxe4 29. Rf1 e3 30. f3 b6 31. Re5 Rce8 32. Rxe8 Rxe8 33. Bd5 g5 34. Re1 Kg7 35. Be4 Nxe4 36. fxe4 Rxe4 37. Kd3 Re7 38. Ke2 Kf6 39. Rd1 h5 40. Rd6+ Kf5 41. Rh6 h4 42. Rd6 Kf4 43. Rd4+ Kg3 44. Rg4+ Kxh3 45. Rxg5 Kh2 46. a4 h3 47. a5 bxa5 48. Rxa5 Kg1 49. Rg5+ Kh1 50. c4 h2 51. c5 a5 52. c6 a4 53. Rc5 Kg2 54. Rg5+ Kh3 55. Rh5+ Kg3 56. Rh6 Rg7 57. Kxe3 Kg2 58. c7 Rxc7 59. Rg6+ Kf1 60. Rf6+ Kg1 61. Rg6+ Kh1 62. Ra6 Rg7 63. Rxa4 Kg2 64. Ra2+ Kh3 0-1

[Event "December 19 Early 2023"]
[Site "https://www.chess.com"]
[Date "2023.12.19"]
[Round "2"]
[White "Nechitaylo, Nikita"]
[Black "Rozman, Levy"]
[Result "0-1"]
[Board "110"]
[TimeControl "180+1"]
[WhiteFideId "34138161"]
[BlackFideId "2039877"]
[WhiteElo "2049"]
[BlackElo "2376"]
[WhiteTeam "UKR"]
[BlackTeam "USA"]
[WhiteClock "0:00:19"]
[BlackClock "0:01:39"]

1. d4 g6 2. c4 Bg7 3. Nc3 d6 4. e4 Nc6 5. Be3 e5 6. d5 Nd4 7. Nge2 Nxe2 8. Bxe2 f5 9. exf5 gxf5 10. Bh5+ Kf8 11. g3 Nf6 12. Be2 h5 13. f4 Ng4 14. Qd2 Nxe3 15. Qxe3 b6 16. Rf1 e4 17. h3 Qf6 18. Rb1 Bd7 19. g4 hxg4 20. hxg4 Rh2 21. g5 Qd4 22. Qg3 e3 23. Rd1 Qxc3+ 24. bxc3 Bxc3+ 25. Rd2 Bxd2+ 26. Kd1 Ba4# 0-1

[Event "December 19 Early 2023"]
[Site "https://www.chess.com"]
[Date "2023.12.19"]
[Round "2"]
[White "Cristobal, Manuel"]
[Black "Zilleruelo Irizarry, Diego"]
[Result "1-0"]
[Board "111"]
[TimeControl "180+1"]
[WhiteFideId "112879"]
[BlackFideId "3101460"]
[WhiteElo "2244"]
[BlackElo "2009"]
[WhiteTeam "ARG"]
[BlackTeam "PUR"]
[WhiteClock "0:02:16"]
[BlackClock "0:01:13"]

1. d4 Nf6 2. Nf3 e6 3. e3 Be7 4. Bd3 O-O 5. O-O d5 6. b3 b6 7. Bb2 Bb7 8. Nbd2 Ne4 9. c4 f5 10. Qc2 c5 11. cxd5 exd5 12. Rfd1 Nd7 13. dxc5 bxc5 14. Nxe4 fxe4 15. Bxe4 dxe4 16. Ne5 Qe8 17. Rxd7 Bc8 18. Qc4+ Kh8 19. Rc7 Qd8 20. Nf7+ Rxf7 21. Qxf7 1-0

[Event "December 19 Early 2023"]
[Site "https://www.chess.com"]
[Date "2023.12.19"]
[Round "2"]
[White "Sahib Singh"]
[Black "Sarkar, Justin"]
[Result "1-0"]
[Board "112"]
[TimeControl "180+1"]
[WhiteFideId "25618342"]
[BlackFideId "2010011"]
[WhiteElo "2130"]
[BlackElo "2138"]
[WhiteTeam "IND"]
[BlackTeam "USA"]
[WhiteClock "0:01:15"]
[BlackClock "0:00:00"]

1. e4 e5 2. Nf3 Nc6 3. Bb5 a6 4. Ba4 Nf6 5. O-O Nxe4 6. d4 b5 7. Bb3 d5 8. dxe5 Be6 9. Nbd2 Nc5 10. c3 Be7 11. Bc2 d4 12. Nb3 d3 13. Bb1 Nxb3 14. axb3 Bf5 15. Be3 O-O 16. Re1 Qd7 17. Bd4 Nxd4 18. Nxd4 Bg6 19. Bxd3 Bxd3 20. Qxd3 c5 21. Qf5 Qd5 22. Qf3 Qxf3 23. Nxf3 Rfd8 24. h3 Kf8 25. Ra5 Rdc8 26. Rea1 1-0

[Event "December 19 Early 2023"]
[Site "https://www.chess.com"]
[Date "2023.12.19"]
[Round "2"]
[White "Fernandez Siles, Luis"]
[Black "Piesik, Piotr"]
[Result "0-1"]
[Board "113"]
[TimeControl "180+1"]
[WhiteFideId "2209420"]
[BlackFideId "1136194"]
[WhiteElo "2195"]
[BlackElo "2319"]
[WhiteTeam "ESP"]
[BlackTeam "CZE"]
[WhiteClock "0:00:12"]
[BlackClock "0:00:12"]

1. e4 g6 2. Nc3 Bg7 3. f4 c6 4. Bc4 b5 5. Bb3 b4 6. Nce2 d5 7. e5 Nh6 8. c4 bxc3 9. dxc3 Na6 10. h3 Nf5 11. Nf3 Qb6 12. g4 Ne3 13. Qd2 Nc4 14. Bxc4 dxc4 15. Qd4 Be6 16. Ng5 Bd5 17. O-O f6 18. exf6 exf6 19. Nf3 O-O 20. f5 g5 21. h4 h6 22. Qxb6 axb6 23. Be3 Rfe8 24. Kf2 Re4 25. Bxb6 Rae8 26. Rae1 Rxg4 27. hxg5 hxg5 28. Rg1 Rge4 29. Ng3 Rxe1 30. Rxe1 Rxe1 31. Nxe1 Bf8 32. Nc2 Kf7 33. Ne3 Bd6 34. Nh5 Bc5 35. Bxc5 Nxc5 36. Nxd5 cxd5 37. Ng3 Nd3+ 38. Ke3 Nxb2 39. Kd4 Ke7 40. Kxd5 Nd1 41. Kd4 Kd6 42. a4 Nb2 43. a5 Kc6 44. Ne4 g4 45. Nxf6 g3 46. Ng4 g2 47. Ne5+ Kb5 48. Nf3 Nd3 49. f6 Nf4 50. f7 Ne6+ 51. Ke5 Nf8 52. Kf6 Kxa5 53. Ke7 Nh7 54. f8=Q Nxf8 55. Kxf8 Ka4 56. Ke7 Kb3 57. Kf6 Kxc3 58. Ke5 Kb2 59. Kf4 c3 60. Ng1 c2 61. Kg3 c1=Q 62. Kxg2 Qf4 63. Nf3 Kc3 64. Kf2 Kd3 65. Kg2 Ke3 66. Nh2 Qf2+ 67. Kh1 Kf4 68. Nf3 Qxf3+ 69. Kg1 Qe2 70. Kh1 Kg3 71. Kg1 Qe1# 0-1

[Event "December 19 Early 2023"]
[Site "https://www.chess.com"]
[Date "2023.12.19"]
[Round "2"]
[White "Rendle, Thomas E"]
[Black "Jankowiak, Tomasz"]
[Result "1/2-1/2"]
[Board "114"]
[TimeControl "180+1"]
[WhiteFideId "408760"]
[BlackFideId "1185357"]
[WhiteElo "2424"]
[BlackElo "2056"]
[WhiteTeam "ENG"]
[BlackTeam "POL"]
[WhiteClock "0:00:10"]
[BlackClock "0:00:05"]

1. e4 c5 2. Nf3 Nf6 3. e5 Nd5 4. Nc3 e6 5. Nxd5 exd5 6. d4 Nc6 7. c3 d6 8. Bb5 dxe5 9. Nxe5 Qb6 10. Qa4 Bd7 11. Nxd7 Kxd7 12. c4 Re8+ 13. Be3 cxd4 14. cxd5 dxe3 15. O-O exf2+ 16. Kh1 Bd6 17. Rac1 Rc8 18. dxc6+ bxc6 19. Qg4+ Ke7 20. Bc4 Qe3 21. Qh4+ g5 22. Qh3 Rce8 23. Rc3 Qxh3 24. Rxh3 Kd8 25. Rxf2 Re1+ 26. Rf1 Rxf1+ 27. Bxf1 Re8 28. Rxh7 Re1 29. Rxf7 Ke8 30. Rf3 g4 31. Rf5 Ke7 32. g3 Ke6 33. Rf2 Bc5 34. Re2+ Rxe2 35. Bxe2 Kf5 36. Bd3+ Kg5 37. Be4 Bd4 38. b3 c5 39. Kg2 Bc3 40. h4+ gxh3+ 41. Kxh3 Bd4 42. Kg2 a5 43. Kf3 Bc3 44. Bb7 Bb4 45. Bc8 Bc3 46. Ke4 Be1 47. Kd5 Bxg3 48. Kxc5 Be1 49. Kb5 Kf6 50. a3 Ke5 51. Bb7 Kd6 52. Kb6 Bd2 53. Bf3 Be1 54. Be2 Bd2 55. Bc4 Be1 56. Bg8 Bd2 57. b4 axb4 58. a4 b3 59. Bxb3 Be1 60. Kb5 Bd2 61. Kb6 Be1 62. a5 Bxa5+ 1/2-1/2

[Event "December 19 Early 2023"]
[Site "https://www.chess.com"]
[Date "2023.12.19"]
[Round "2"]
[White "Rose, Felix"]
[Black "Puzzlebot_1294"]
[Result "0-1"]
[Board "115"]
[TimeControl "180+1"]
[WhiteFideId "5105722"]
[WhiteElo "2039"]
[BlackElo "2660"]
[WhiteTeam "MEX"]
[WhiteClock "0:00:09"]
[BlackClock "0:00:20"]

1. e4 c6 2. d4 d5 3. e5 c5 4. dxc5 Nc6 5. f4 Bf5 6. Nf3 e6 7. Be3 Nge7 8. c3 Bg4 9. Bb5 Nf5 10. Bf2 Qa5 11. a4 a6 12. b4 Qc7 13. Bxc6+ Qxc6 14. O-O Be7 15. h3 Bxf3 16. Qxf3 O-O 17. a5 Rfd8 18. Bd4 Qb5 19. Rd1 Rac8 20. Na3 Qc6 21. Nc2 Nh4 22. Qf2 h6 23. Rd3 Nf5 24. g4 Bh4 25. Qg2 Ne7 26. Rad1 Rf8 27. Ne3 f5 28. Rf1 Qb5 29. Rdd1 Qe8 30. Kh1 Qf7 31. Rf3 fxg4 32. hxg4 Bg5 33. Rdf1 Bh4 34. Qh3 Ng6 35. f5 Bg5 36. fxg6 Qxg6 37. Rxf8+ Rxf8 38. Rxf8+ Kxf8 39. Qf3+ Kg8 40. Kg2 Qd3 41. Nf1 Qc2+ 42. Qf2 Qe4+ 43. Kh3 Qh1+ 44. Nh2 Qc1 45. Kg2 Qd1 46. Nf3 Be7 47. Qe2 Qxe2+ 48. Kh3 Qxf3+ 0-1

[Event "December 19 Early 2023"]
[Site "https://www.chess.com"]
[Date "2023.12.19"]
[Round "2"]
[White "Pak, Yevgeniy"]
[Black "Zemach, Roee"]
[Result "0-1"]
[Board "116"]
[TimeControl "180+1"]
[WhiteFideId "14201712"]
[BlackFideId "2818531"]
[WhiteElo "2320"]
[BlackElo "2227"]
[WhiteTeam "KAZ"]
[BlackTeam "ISR"]
[WhiteClock "0:01:40"]
[BlackClock "0:02:34"]

1. d4 Nf6 2. c4 c6 3. Nc3 d5 4. Nf3 g6 5. e3 Bg7 6. Be2 O-O 7. O-O dxc4 8. a4 c5 9. dxc5 Qa5 10. Bxc4 Qxc5 11. Qe2 Nc6 12. b3 Bg4 13. Ba3 Qh5 14. Rac1 Ne5 15. h3 Nxf3+ 16. Kh1 Bxh3 17. Qxf3 Bg4+ 0-1

[Event "December 19 Early 2023"]
[Site "https://www.chess.com"]
[Date "2023.12.19"]
[Round "2"]
[White "Munkhgal, Gombosuren"]
[Black "Khouri, Ahmed Abbas"]
[Result "1-0"]
[Board "117"]
[TimeControl "180+1"]
[WhiteFideId "4901266"]
[BlackFideId "9301518"]
[WhiteElo "2519"]
[BlackElo "1863"]
[WhiteTeam "MGL"]
[BlackTeam "UAE"]
[WhiteClock "0:01:02"]
[BlackClock "0:00:08"]

1. d4 Nf6 2. Bf4 g6 3. Nc3 Bg7 4. e4 d6 5. Qd2 O-O 6. Bh6 e5 7. Bxg7 Kxg7 8. Nge2 c5 9. d5 a6 10. a4 Nbd7 11. f3 Rb8 12. Ng3 Kh8 13. h4 h5 14. Qh6+ Nh7 15. Be2 Qf6 16. Qe3 Qf4 17. Nf1 Qxe3 18. Nxe3 f5 19. a5 Ndf6 20. Nc4 Rd8 21. Ra3 Kg7 22. Rb3 Kf7 23. Rb6 Ke7 24. O-O f4 25. Rb1 g5 26. hxg5 Nxg5 27. b4 cxb4 28. R1xb4 Ra8 29. Kf2 h4 30. Bf1 Nh5 31. Rxb7+ Bxb7 32. Rxb7+ Kf6 33. Nb6 Ng3 34. Nca4 Nxf1 35. Kxf1 Rab8 36. Rxb8 Rxb8 37. Nd7+ Ke7 38. Nxb8 h3 39. Kg1 1-0

[Event "December 19 Early 2023"]
[Site "https://www.chess.com"]
[Date "2023.12.19"]
[Round "2"]
[White "Quirke, Jeffrey"]
[Black "Fromm, Marius"]
[Result "0-1"]
[Board "118"]
[TimeControl "180+1"]
[WhiteFideId "2013029"]
[BlackFideId "12993190"]
[WhiteElo "2158"]
[BlackElo "2335"]
[WhiteTeam "USA"]
[BlackTeam "GER"]
[WhiteClock "0:00:00"]
[BlackClock "0:00:31"]

1. e4 c5 2. c3 d5 3. exd5 Qxd5 4. d4 Nf6 5. Nf3 e6 6. Be3 cxd4 7. cxd4 Bb4+ 8. Nc3 Bd7 9. Bd3 Bb5 10. O-O Bxc3 11. bxc3 O-O 12. Ne5 Bxd3 13. Qxd3 Nbd7 14. f4 Rac8 15. c4 Qd6 16. Rfd1 b6 17. a4 Rfd8 18. a5 g6 19. axb6 axb6 20. Ra7 Rc7 21. Rxc7 Qxc7 22. Bf2 Rc8 23. Rc1 Ne8 24. Bh4 Kg7 25. Bg3 Nd6 26. f5 Nxf5 27. Nxd7 Qxd7 28. Be5+ f6 29. g4 fxe5 30. gxf5 exf5 31. d5 Qd6 32. Rb1 Qc5+ 33. Kg2 Qxc4 34. Qxc4 Rxc4 35. Rxb6 Rd4 36. Rd6 Rd2+ 37. Kg3 Rd3+ 38. Kg2 e4 39. Rd7+ Kf6 40. Rxh7 Rxd5 0-1

[Event "December 19 Early 2023"]
[Site "https://www.chess.com"]
[Date "2023.12.19"]
[Round "2"]
[White "Zepeda Berlanga, Jan Enrique"]
[Black "Smirnov, Alexandr A."]
[Result "0-1"]
[Board "119"]
[TimeControl "180+1"]
[WhiteFideId "5132355"]
[BlackFideId "24104396"]
[WhiteElo "1680"]
[BlackElo "2152"]
[WhiteTeam "MEX"]
[BlackTeam "RUS"]
[WhiteClock "0:00:31"]
[BlackClock "0:01:34"]

1. e4 c5 2. Nf3 d6 3. Bc4 Nf6 4. O-O g6 5. Re1 Bg7 6. h3 O-O 7. d4 cxd4 8. Nxd4 Nc6 9. Nc3 Bd7 10. Be3 Rc8 11. Bb3 a6 12. Nd5 Nxe4 13. Nxc6 Bxc6 14. Bb6 Qd7 15. Rxe4 e6 16. Bd4 Bxd5 17. Bxd5 exd5 18. Bxg7 dxe4 19. Bxf8 Rxf8 20. Qd5 Qc6 21. c4 Qxd5 22. cxd5 Rc8 23. Re1 f5 24. f3 exf3 25. gxf3 Rc2 26. Re6 Rxb2 27. Rxd6 Rxa2 28. Rb6 Rd2 29. d6 a5 30. Rxb7 Rxd6 31. Ra7 Rd2 32. Rxa5 Kg7 33. Re5 Kf6 34. Re8 Kg5 35. Re7 Kf4 36. Rxh7 Kg3 37. Kf1 Kxf3 38. Ke1 Re2+ 39. Kf1 Ra2 40. Kg1 Kg3 41. Kf1 f4 42. Rf7 f3 43. Ke1 f2+ 44. Kf1 Ra1+ 45. Ke2 Re1+ 0-1

[Event "December 19 Early 2023"]
[Site "https://www.chess.com"]
[Date "2023.12.19"]
[Round "2"]
[White "UnTucopalaTimba"]
[Black "Skliarov, Viktor"]
[Result "0-1"]
[Board "120"]
[TimeControl "180+1"]
[BlackFideId "14106736"]
[WhiteElo "1673"]
[BlackElo "2301"]
[BlackTeam "UKR"]
[WhiteClock "0:00:12"]
[BlackClock "0:00:49"]

1. e4 c5 2. Nf3 Nc6 3. d4 cxd4 4. Nxd4 Nf6 5. Nc3 e5 6. Ndb5 d6 7. Bg5 a6 8. Na3 b5 9. Nd5 Be7 10. Bxf6 Bxf6 11. c3 Bg5 12. Nc2 O-O 13. Be2 Ne7 14. Nce3 Bxe3 15. Nxe3 Bb7 16. Qc2 f5 17. exf5 d5 18. O-O-O d4 19. Qb3+ Kh8 20. Rhg1 Qc7 21. Nc2 Nxf5 22. g4 Nh4 23. cxd4 Rxf2 24. Bd3 e4 25. Bf1 Rc8 26. Kb1 Qxc2+ 27. Qxc2 Rcxc2 28. d5 Rxb2+ 29. Ka1 Rxa2+ 30. Kb1 Rfb2+ 31. Kc1 Ra1+ 32. Kxb2 Rxd1 33. d6 Rxd6 34. Be2 Rd2+ 0-1

[Event "December 19 Early 2023"]
[Site "https://www.chess.com"]
[Date "2023.12.19"]
[Round "2"]
[White "Kukhmazov, Arsen"]
[Black "DeyanKostov"]
[Result "1-0"]
[Board "121"]
[TimeControl "180+1"]
[WhiteFideId "24108260"]
[WhiteElo "2397"]
[BlackElo "2470"]
[WhiteTeam "FID"]
[WhiteClock "0:00:22"]
[BlackClock "0:00:30"]

1. d4 d5 2. c4 dxc4 3. e4 c5 4. d5 Nf6 5. Nc3 b5 6. e5 b4 7. exf6 bxc3 8. bxc3 Nd7 9. Bxc4 Nb6 10. Bb5+ Bd7 11. Bxd7+ Qxd7 12. fxg7 Bxg7 13. Ne2 Qxd5 14. O-O Qxd1 15. Rxd1 O-O 16. Be3 Rac8 17. Rab1 e6 18. Rb5 Na4 19. c4 Nb2 20. Rc1 Nd3 21. Rc2 Rfd8 22. f3 Nb4 23. Rd2 Rxd2 24. Bxd2 Nc2 25. Rb7 Rd8 26. Bg5 Rd1+ 27. Kf2 Bd4+ 28. Nxd4 Nxd4 29. Bf6 h6 30. h4 h5 31. Rxa7 Rd2+ 32. Ke3 Rxg2 33. Ra8+ Kh7 34. Rh8+ Kg6 35. Rg8+ Kxf6 36. Rxg2 Nf5+ 37. Ke4 Nxh4 38. Rh2 Kg5 39. a4 f5+ 40. Ke3 Ng6 41. Rg2+ Kf6 42. Rxg6+ Kxg6 43. a5 h4 44. a6 h3 45. Kf2 1-0

[Event "December 19 Early 2023"]
[Site "https://www.chess.com"]
[Date "2023.12.19"]
[Round "2"]
[White "Baches Garcia, Guillermo"]
[Black "Abasov, Nijat"]
[Result "0-1"]
[Board "122"]
[TimeControl "180+1"]
[WhiteFideId "2209764"]
[BlackFideId "13402960"]
[WhiteElo "2511"]
[BlackElo "2561"]
[WhiteTeam "ESP"]
[BlackTeam "AZE"]
[WhiteClock "0:00:32"]
[BlackClock "0:00:15"]

1. d4 Nf6 2. Nf3 e6 3. Bg5 d5 4. Nbd2 c5 5. e3 Nc6 6. c3 h6 7. Bh4 Bd6 8. Bd3 b6 9. e4 cxd4 10. cxd4 dxe4 11. Nxe4 Bb4+ 12. Nc3 O-O 13. O-O Be7 14. Qe2 Bb7 15. Rad1 Nb4 16. Bb1 Nh5 17. Bg3 Nxg3 18. hxg3 Rc8 19. Ne5 Ba6 20. Nb5 Qd5 21. a4 Rfd8 22. Rfe1 Bf6 23. Qd2 Bxe5 24. Qxb4 Bxb5 25. axb5 Bxd4 26. Be4 Qc5 27. Qxc5 Rxc5 28. Bc6 Rc2 29. Kh1 Rxf2 30. Re4 Bf6 31. Rxd8+ Bxd8 32. Ra4 Bf6 33. Rxa7 Bxb2 34. Rd7 Ba3 35. g4 g5 36. Kh2 Bc5 37. Kg3 Rf1 38. Rd3 Kg7 39. Rf3 Bd6+ 40. Kh3 Rh1# 0-1

[Event "December 19 Early 2023"]
[Site "https://www.chess.com"]
[Date "2023.12.19"]
[Round "2"]
[White "Bernadskiy, Vitaliy"]
[Black "Kovalyov, Eduard"]
[Result "1-0"]
[Board "123"]
[TimeControl "180+1"]
[WhiteFideId "14100371"]
[BlackFideId "14118033"]
[WhiteElo "2494"]
[BlackElo "2300"]
[WhiteTeam "UKR"]
[BlackTeam "UKR"]
[WhiteClock "0:01:53"]
[BlackClock "0:01:34"]

1. b3 d5 2. e3 Nf6 3. Bb2 Bf5 4. Ne2 e6 5. h3 Be7 6. d3 O-O 7. g4 Bg6 8. Nf4 c5 9. h4 h6 10. g5 hxg5 11. hxg5 Nh7 12. Nxg6 fxg6 13. Qg4 Rf5 14. e4 Rxg5 15. Qxe6+ Kh8 16. Nd2 Nc6 17. Nf3 Rh5 18. Rxh5 gxh5 19. exd5 Nb4 20. Ne5 Qxd5 21. Ng6# 1-0

[Event "December 19 Early 2023"]
[Site "https://www.chess.com"]
[Date "2023.12.19"]
[Round "2"]
[White "Flynn, Jacob"]
[Black "Alexandre, Anne Shopie Elizabeth"]
[Result "0-1"]
[Board "124"]
[TimeControl "180+1"]
[WhiteFideId "2509393"]
[BlackFideId "11902418"]
[WhiteElo "2100"]
[BlackElo "2824"]
[WhiteTeam "IRL"]
[BlackTeam "HAI"]
[WhiteClock "0:01:58"]
[BlackClock "0:02:08"]

1. d4 d6 2. Nf3 Nf6 3. g3 g6 4. Bg2 Bg7 5. O-O O-O 6. c4 Nc6 7. Nc3 Bf5 8. Nh4 Bd7 9. Nf3 a6 10. b3 Rb8 11. Bb2 b5 12. cxb5 axb5 13. Rc1 b4 14. Nb1 Na7 15. Nbd2 Nb5 16. Nc4 Nd5 17. Qd3 c6 18. Rc2 Ndc3 19. a4 Bf5 20. Qd2 Bxc2 21. Qxc2 Na7 22. Bxc3 bxc3 23. Qxc3 c5 24. e3 Nc6 25. Qd2 cxd4 26. Nxd4 Nxd4 27. exd4 Rxb3 28. Ra1 Qc7 29. Bf1 Qa7 0-1

[Event "December 19 Early 2023"]
[Site "https://www.chess.com"]
[Date "2023.12.19"]
[Round "2"]
[White "Yeremyan, Alen"]
[Black "Wanyama, Harold"]
[Result "1-0"]
[Board "125"]
[TimeControl "180+1"]
[WhiteFideId "13308998"]
[BlackFideId "10000380"]
[WhiteElo "2160"]
[BlackElo "2228"]
[WhiteTeam "ARM"]
[BlackTeam "UGA"]
[WhiteClock "0:02:26"]
[BlackClock "0:01:13"]

1. e4 c5 2. Nc3 Nc6 3. Bb5 Nd4 4. Bc4 g6 5. Nge2 Bg7 6. Nxd4 cxd4 7. Qf3 e6 8. Nb5 d6 9. Qa3 Be5 10. d3 a6 11. f4 axb5 12. Qxa8 bxc4 13. fxe5 dxe5 14. O-O f6 15. Qa4+ Kf7 16. Qxc4 Ne7 17. Bg5 Ng8 18. Qc5 h6 19. Bxf6 Nxf6 20. Qxe5 Kg7 21. Rf2 Rf8 22. Raf1 Bd7 23. g4 g5 24. h4 Kg6 25. h5+ Kg7 26. Qxd4 Qe7 27. Rxf6 Rxf6 28. Rxf6 e5 29. Rg6+ Kh7 30. Qd6 1-0